 Dungeon Crawl Stone Soup version 0.31-a0-164-g2312942fda (webtiles) character file.

Game seed: 2712255876457943968

86 qw the Chopper (level 4, -2/28 HPs)
             Began as a Gargoyle Fighter on June 13, 2023.
             Slain by a centaur (3 damage)
             ... on level 4 of the Dungeon.
             The game lasted 00:01:00 (2443 turns).

qw the Chopper (Gargoyle Fighter)                   Turns: 2443, Time: 00:01:01

Health: -2/28      AC: 10    Str: 19 (22) XL:     4   Next: 49%
Magic:  4/4        EV:  9    Int:  6 (8)  God:
Gold:   144        SH:  4    Dex:  7 (9)  Spells: 3/3 levels left

rFire   . . .        Y - +1 war axe
rCold   . . .        c - +0 buckler
rNeg    + . .        b - +0 scale mail
rPois   inf          (no helmet)
rElec   +            (no cloak)
rCorr   .            (no gloves)
SInv    .            (no boots)
Will    .....        (no amulet) Stlth
                     (no ring)
HPRegen 0.24/turn    (no ring)
MPRegen 0.09/turn

%: no passive effects
@: no status effects
A: sickness immunity, AC +3, negative energy resistance 1, electricity
resistance, torment resistance 1, petrification resistance
a: no special abilities


You were on level 4 of the Dungeon.
You visited 1 branch of the dungeon, and saw 4 of its levels.

You collected 144 gold pieces.


Innate Abilities, Weirdness & Mutations

You are immune to sickness and miasma.
Your stone body is resilient. (AC +3)
You are immune to poison.
You resist negative energy. (rN+)
You are resistant to electric shocks. (rElec)
You are resistant to unholy torment.
You are immune to petrification.


   Skills:
 - Level 3.2 Fighting
 + Level 4.2 Axes
 - Level 3.2 Armour
 - Level 3.2 Shields


You had 3 spell levels left.
You didn't know any spells.
Your spell library was empty.

Inventory:

Hand Weapons
 h - a +0 flail
 Y - a +1 war axe (weapon)
Armour
 b - a +0 scale mail (worn)
 c - a +0 buckler (worn)
 f - a +1 hat
Scrolls
 e - a scroll of identify
Potions
 a - a potion of heal wounds {unknown}
 d - a potion of might
 g - a potion of curing
 i - a potion of magic
 k - a potion of resistance {unknown}
 m - a potion of ambrosia {unknown}

Dungeon Overview and Level Annotations

Branches:
Dungeon (4/15)
 Temple: D:4-7

Altars:
Nemelex Xobeh

Annotations:
D:2 1 runed translucent door, Crazy Yiuf


Message History

The centaur hits you but does no damage.
The centaur closely misses you.
You slash the centaur!
The centaur is severely wounded.
The centaur hits you but does no damage.
The centaur barely misses you. x2
The centaur kicks you but does no damage.
You hit the centaur but do no damage.
The centaur is severely wounded.
The centaur hits you but does no damage.
The centaur kicks you but does no damage.
The centaur hits you but does no damage.
You block the centaur's attack.
You closely miss the centaur.
The centaur is severely wounded.
The centaur hits you but does no damage.
The centaur kicks you but does no damage.
The centaur hits you but does no damage.
You block the centaur's attack.
You closely miss the centaur.
The centaur is severely wounded.
The centaur hits you.
The centaur kicks you but does no damage.
The centaur hits you but does no damage.
The centaur kicks you but does no damage.
You hit the centaur.
The centaur is severely wounded.
The centaur hits you.
The centaur kicks you but does no damage.
The centaur hits you.
The centaur kicks you but does no damage.
You barely miss the centaur.
The centaur is severely wounded.
The centaur closely misses you. The centaur barely misses you.
The centaur closely misses you.
The centaur kicks you but does no damage.
You hit the centaur.
The centaur is almost dead.
The centaur hits you.
You die...

#.##.# #.##.#
#.#..# #.#.##
#.#.# ######.#.#
#....#.#.#
#.##.##.#.#<#
#...@.#.#.###
#.....c$#......#
+.......+....#.#
#.......######.#
#..)....# #.#
#.......# #.#
######### #.#
#.# #.#


You could see a centaur.

Vanquished Creatures
  An iguana (D:4)
  An adder (D:4)
  A worm (D:2)
  A dart slug (D:1)
  3 ball pythons
  6 endoplasms
  4 giant cockroaches
  4 goblins
  2 hobgoblins
  3 jackals (D:1)
  9 kobolds
  A quokka (D:2)
  6 bats
  A frilled lizard (D:1)
  2 rats
45 creatures vanquished.

Notes
Turn   | Place    | Note
-------+----------+-------------------------------------------
     0 | D:1      | qw the Gargoyle Fighter began the quest for the Orb.
     0 | D:1      | Reached XP level 1. HP: 14/14 MP: 1/1
     0 | D:1      | 0 ||| qw: Version: 0.2-a-29-gc1b59c4
     0 | D:1      | 0 ||| qw: Game counter: 4591
     0 | D:1      | 0 ||| qw: Always use a shield: true
     0 | D:1      | 0 ||| qw: God list: Okawaru
     0 | D:1      | 0 ||| qw: Allow faded altars: false
     0 | D:1      | 0 ||| qw: Do Orc after D:15 true
     0 | D:1      | 0 ||| qw: Do second Lair branch before Depths: true
     0 | D:1      | 0 ||| qw: Lair rune preference: random
     0 | D:1      | 0 ||| qw: Plans: Normal, Zot:1-4, Slime:5, God:TSO, Crypt,
                  | Tomb, Abyss, Pan, Hells, Win
     0 | D:1      | 0 ||| PLANNING D:1-11
    50 | D:1      | Reached skill level 2 in Axes
   148 | D:1      | Reached XP level 2. HP: 19/19 MP: 2/2
   273 | D:1      | 273 ||| FLEEEEING.
   274 | D:1      | 274 ||| FLEEEEING.
   350 | D:1      | Reached skill level 3 in Axes
   398 | D:1      | Reached XP level 3. HP: 23/23 MP: 3/3
   625 | D:1      | 625 ||| DROPPING +0 club.
   832 | D:1      | 832 ||| READING 2 scrolls labelled RABE XICOPTU.
   833 | D:1      | 833 ||| READING scroll labelled YPSEKK IPHU.
   834 | D:1      | 834 ||| DRINKING 2 glowing ruby potions.
   835 | D:1      | 835 ||| DROPPING scroll of noise.
   836 | D:1      | 836 ||| DROPPING potion of degeneration.
   993 | D:2      | Found a runed translucent door.
   994 | D:2      | Noticed Crazy Yiuf
  1389 | D:2      | 1389 ||| READING 2 scrolls labelled WYIRCHO ECHES.
  1390 | D:2      | 1390 ||| READING 2 scrolls labelled OJASIE UNOHOME.
  1391 | D:2      | 1391 ||| READING scroll labelled FALURINUQU.
  1392 | D:2      | 1392 ||| DRINKING 2 green potions.
  1393 | D:2      | 1393 ||| DROPPING scroll of blinking.
  1427 | D:3      | 1427 ||| STAIRDANCE
  1683 | D:3      | 1683 ||| DROPPING +0 whip.
  1901 | D:3      | Found a sparkling altar of Nemelex Xobeh.
  2070 | D:3      | 2070 ||| Stepping ~*~*~tactically~*~*~ (hiding).
  2358 | D:3      | 2358 ||| DROPPING orb of energy.
  2359 | D:3      | 2359 ||| DROPPING ring of flight.
  2360 | D:3      | 2360 ||| READING scroll labelled TODAAPUTZU.
  2361 | D:3      | 2361 ||| DRINKING 2 brown potions.
  2408 | D:4      | Reached skill level 4 in Axes
  2408 | D:4      | Reached XP level 4. HP: 28/28 MP: 4/4
  2428 | D:4      | Noticed a centaur
  2441 | D:4      | HP: 3/28 [centaur (6)]
  2441 | D:4      | HP: 1/28 [centaur (2)]
  2443 | D:4      | Slain by a centaur

Levels and vault maps discovered:
D:1:      amcnicky_arrival_flooded_fountain, layout_basic
D:2:      layout_basic, uniq_crazy_yiuf_cottage
D:3:      layout_rooms, nemelex_diamond_rough_becter, serial_co_window_serial,
          co_window_paths_a, co_window_paths_a, co_window_paths_a,
          co_window_paths_b, co_window_of_opportunity_a, co_window_corner_a,
          co_window_corner_b, co_window_corner_cb, co_window_unsneaky_path_d,
          co_window_corner_b, co_window_4corner_b
D:4:      layout_basic, lightli_minifort, uniq_blork_the_orc, uniq_sigmund

Skill      XL: |  1  2  3 |
---------------+----------+-----
Axes           | 2 3 4 |  4.2
Fighting       | |  3.2
Armour         | |  3.2
Shields        | |  3.2

Action                     |  1- 3 |  4- 6 || total
---------------------------+-------+-------++-------
  Melee: War axe           |   131 |    14 ||   145
    Use: Scroll            |     6 |       ||     6
         Potion            |     3 |       ||     3
 Armour: Scale mail        |    57 |    22 ||    79
  Dodge: Dodged            |    47 |    13 ||    60
  Block: Buckler           |    34 |     4 ||    38

Table legend:
 A = Non-vault XP
 B = Vault XP
 C = Vault XP percentage of total XP
 D = Non-vault monster count
 E = Vault monster count
 F = Vault count percentage of total count
                 A         B        C        D         E       F
            +---------+---------+-------+---------+---------+-------
      Total |     123 |       0 |   0.0 |      45 |       0 |   0.0
            +---------+---------+-------+---------+---------+-------
        D:1 |      41 |       0 |   0.0 |      23 |       0 |   0.0
        D:2 |      19 |       0 |   0.0 |      10 |       0 |   0.0
        D:3 |      14 |       0 |   0.0 |      10 |       0 |   0.0
        D:4 |      49 |       0 |   0.0 |       2 |       0 |   0.0
            +---------+---------+-------+---------+---------+-------
